 Dungeon Sprint DCSS version 0.30-a0-953-g5f1da4a474 (webtiles) character file.

Game seed: 10112058883624148193

309 dialectric the Carver (level 6, -5/73 HPs)
             Began as a Demonspawn Gladiator on Mar 28, 2023.
             Slain by a wyvern (9 damage)
             ... in the Dungeon (Sprint II: "The Violet Keep of Menkaure").
             The game lasted 00:00:35 (41 turns).

dialectric the Carver (Demonspawn Gladiator)          Turns: 41, Time: 00:00:36

Health: -5/73      AC:  7    Str: 15    XL:     6   Next: 17%
Magic:  6/6        EV: 15    Int:  9    God:
Gold:   243        SH:  0    Dex: 16    Spells: 5/5 levels left

rFire   . . .      SeeInvis .    a - +0 long sword
rCold   . . .      Faith    .    (no shield)
rNeg    . . .      Spirit   .    b - +0 leather armour
rPois   .          Reflect  .    c - +0 helmet
rElec   .          Rampage  .    (no cloak)
rCorr   .          NoTele   +    (no gloves)
Will    .....                    (no boots) Stlth
                                 (no amulet)
HPRegen 0.32/turn                (no ring)
MPRegen 0.10/turn                (no ring)

@: berserking, very quick
A: thin metallic scales 2, powered by pain 2
a: no special abilities


You were in the Dungeon.
You visited 1 branch You collected 243 gold pieces.

Inventory:

Hand Weapons
 a - a +0 long sword (weapon)
Missiles
 e - a javelin (quivered)
Armour
 b - a +0 leather armour (worn)
 c - a +0 helmet (worn)
Scrolls
 k - a scroll of blinking
Potions
 f - a potion of curing
 g - a potion of heal wounds
 h - a potion of haste
 i - 2 potions of magic


   Skills:
 + Level 4.6 Fighting
 + Level 8.1 Long Blades
 + Level 4.2 Throwing
 * Level 0.8 Armour
 + Level 7.1 Dodging
 - Level 3.1 Stealth


You had 5 spell levels left.
You didn't know any spells.
Your spell library was empty.

Dungeon Overview and Level Annotations

Branches:
Dungeon (1/1)

Altars:


Innate Abilities, Weirdness & Mutations

You are mostly covered in thin metallic scales. (AC +3)
You sometimes gain power by taking damage.


Message History

a +0 spear; a merfolk corpse
There is an open door here.
You open the door. 2 boulder beetles come into view.
Found 243 gold pieces.
You close the door.
There is a staircase leading out of the dungeon here.
You open the door. 2 wyverns come into view.
The wyvern hisses angrily.
Throw: throwing net
Press: ? - help, Q - select action, (/) - cycle Shift-Dir - straight line, f - wyvern
Aim: a wyvern (64% to hit)
You throw a throwing net. The throwing net hits the wyvern.
The wyvern is caught in the net!
The wyvern struggles against the net.
Unknown command.
A red film seems to cover your vision as you go berserk!
You feel yourself moving faster!
You feel mighty!
The wyvern hisses angrily.
The wyvern struggles against the net. x2
The net rips apart, and the wyvern comes free!
You hit the wyvern.
The wyvern is lightly wounded.
The wyvern bites you.
You slash the wyvern!
The wyvern is moderately wounded.
The wyvern completely misses you.
You closely miss the wyvern.
The wyvern is moderately wounded.
You closely miss the wyvern.
The wyvern is moderately wounded.
The wyvern bites you!
* * * LOW HITPOINT WARNING * * *
You slash the wyvern!
The wyvern is heavily wounded.
The wyvern bites you.
* * * LOW HITPOINT WARNING * * *
The wyvern bites you!
You die...

## ## ##.
$## .B B.
.#. ###
#+###.##
##.##...#
+.<.'.#.+
##@##.).#
#l###.##
l#. ###
.# #. ##
##


You could see 2 wyverns.

Vanquished Creatures
  A merfolk siren (D)
1 creature vanquished.

Notes
Turn   | Place    | Note
-------+----------+-------------------------------------------
     0 | D        | dialectric the Demonspawn Gladiator began the quest for the
                  | Orb.
     0 | D        | Reached XP level 1. HP: 16/16 MP: 1/1
     1 | D        | Noticed a merfolk siren
    19 | D        | Killed a merfolk siren
    20 | D        | Reached skill level 8 in Long Blades
    20 | D        | Gained mutation: You are partially covered in thin metallic
                  | scales. (AC +2) [demonic ancestry]
    20 | D        | Reached XP level 2. HP: 6/26 MP: 2/2
    20 | D        | Gained mutation: You sometimes gain a little power by
                  | taking damage. [demonic ancestry]
    20 | D        | Reached XP level 3. HP: 7/31 MP: 3/3
    20 | D        | Gained mutation: You are mostly covered in thin metallic
                  | scales. (AC +3) [demonic ancestry]
    20 | D        | Reached XP level 4. HP: 9/38 MP: 4/4
    20 | D        | Reached XP level 5. HP: 10/43 MP: 5/5
    20 | D        | Gained mutation: You sometimes gain power by taking damage.
                  | [demonic ancestry]
    20 | D        | Reached XP level 6. HP: 12/49 MP: 6/6
    30 | D        | Noticed a boulder beetle
    30 | D        | Noticed a boulder beetle
    34 | D        | Noticed a wyvern
    34 | D        | Noticed a wyvern
    41 | D        | Slain by a wyvern

Illustrated notes

Levels and vault maps discovered:
D:        the_violet_keep_of_menkaure [sprint2_stairs_cluster_1,
          sprint2_shoproom, sprint2_temple, sprint2_basic_supplies,
          sprint2_obstacle_1, sprint2_obstacle_3, sprint2_obstacle_2,
          sprint2_obstacle_7, sprint2_obstacle_6, sprint2_timed_cluster_1,
          sprint2_smallroom_cluster_1, sprint2_smallroom_final_cluster_1,
          sprint2_transparent_cluster_1, sprint2_second_timed_cluster_1,
          sprint2_sniper_area_1, sprint2_heavy_combat_area_1,
          sprint2_mutation_trap_area_1, sprint2_forest_area_1,
          sprint2_light_combat_area_1, sprint2_behind_water_1,
          sprint2_near_end_vault_1]

Skill      XL: |  1 |
---------------+----+-----
Fighting       | 4 |  4.6
Long Blades    | 8 |  8.1
Throwing       | 4 |  4.2
Dodging        | 7 |  7.1
Stealth        | 3 |  3.1
Armour         | |  0.8

Action                     |  1- 3 |  4- 6 || total
---------------------------+-------+-------++-------
  Melee: Long sword        |    13 |     5 ||    18
  Throw: Throwing net      |     3 |     1 ||     4
    Use: Potion            |       |     1 ||     1
   Stab: Held in net/web   |     3 |       ||     3
  Dodge: Dodged            |     1 |     1 ||     2

Table legend: (Time is in decaauts)
 A = Elapsed time spent in this place.
 B = Non-inter-level travel time spent in this place.
 C = Inter-level travel time spent in this place.
 D = Time resting spent in this place.
 E = Time spent auto-exploring this place.
 F = Levels seen in this place.
 G = Mean time per level.
                   A        B        C        D        E       F      G
               +--------+--------+--------+--------+--------+-----+--------+
         Total |     42 |     42 |      0 |      0 |      0 |   1 |   42.0 |
       Dungeon |     42 |     42 |      0 |      0 |      0 |   1 |   42.0 |
               +--------+--------+--------+--------+--------+-----+--------+

Top non-repeatable levels by time:
       D: 42 daAuts
